 Dungeon Sprint DCSS version 0.22.1-1-ga44c0e56f4 (webtiles) character file.

1530 MuseOD the Impaler (level 8, -10/117 HPs)
             Began as a Merfolk Berserker on Oct 7, 2018.
             Was an Elder of Trog.
             Mangled by a polar bear (14 damage)
             ... in the Dungeon (Sprint II: "The Violet Keep of Menkaure").
             The game lasted 00:00:46 (434 turns).

MuseOD the Impaler (Merfolk Berserker)               Turns: 434, Time: 00:00:47

Health: -10/117    AC:  2    Str: 24    XL:     8   Next: 85%
Magic:  8/8        EV: 17    Int:  7    God:    Trog [****..]
Gold:   486        SH:  0    Dex: 13    Spells: 7/7 levels left

rFire    . . .     SeeInvis .   a - +0 spear
rCold    . . .     Gourm    .   (no shield)
rNeg     . . .     Faith    .   b - +0 animal skin
rPois    .         Spirit   .   (no helmet)
rElec    .         Reflect  .   (no cloak)
rCorr    .         Harm     .   (no gloves)
MR       .....     NoTele   +   (no boots)
Stlth    ..........             (no amulet)
HPRegen  0.00/turn              (no ring)
MPRegen  0.11/turn              (no ring)

@: berserking (expiring), very quick
A: change form in water, swift swim, stealthy swim, screaming 1, inhibited
regeneration
a: Berserk, Trog's Hand, Brothers in Arms, Renounce Religion


You were in the Dungeon.
You worshipped Trog.
Trog was greatly pleased with you.
You were hungry.

You visited 1 branch You collected 486 gold pieces.

Inventory:

Hand Weapons
 a - a +0 spear (weapon)
Armour
 b - a +0 animal skin (worn)
Scrolls
 i - a scroll of blinking
Potions
 d - a potion of curing
 e - a potion of heal wounds
 f - a potion of haste
 g - 2 potions of magic
 h - a potion of berserk rage
Comestibles
 c - a ration
 j - a chunk of flesh


   Skills:
 + Level 12.6 Fighting
 + Level 16.9 Polearms
 + Level 4.7 Armour
 + Level 9.4 Dodging


You had 7 spell levels left.
You didn't know any spells.
Your spell library was empty.

Dungeon Overview and Level Annotations

Branches:
Dungeon (1/1)

Altars:
Cheibriados
Dithmenos
Elyvilon
Fedhas
Gozag
Kikubaaqudgha
Makhleb
Nemelex Xobeh
Okawaru
Sif Muna
Trog
Uskayaw
Vehumet
Zin
Beogh
Jiyva
Lugonu


Innate Abilities, Weirdness & Mutations

You revert to your normal form in water.
You are very nimble and swift while swimming.
You are very stealthy in the water. (Stealth+)
You occasionally shout uncontrollably at your foes.
You do not regenerate when monsters are visible.


Message History

Aim: a yaktaur, wielding an arbalest (lightly wounded)
You reach to attack!
You puncture the yaktaur!
The yaktaur is moderately wounded.
Attack whom?
Press: ? - help, Dir - move target cursor, f/p - yaktaur
Aim: a yaktaur, wielding an arbalest (moderately wounded)
You reach to attack!
You puncture the yaktaur!
The yaktaur is severely wounded.
Attack whom?
Press: ? - help, Dir - move target cursor, f/p - yaktaur
Aim: a yaktaur, wielding an arbalest (severely wounded)
The polar bear is in the way.
You puncture the polar bear!
The polar bear is moderately wounded.
Attack whom?
Press: ? - help, Dir - move target cursor, f/p - yaktaur
Aim: a yaktaur, wielding an arbalest (severely wounded)
You reach to attack!
You barely miss the yaktaur.
The yaktaur is severely wounded.
The polar bear bites you!
You die...

#. ###.#### +.### ..#
...# ...# ## #.####..##
#..# $# '###.##..# +..#
.# .##...#..# #..# .#
<.')#.'..####..##h#
.##...#....###..@##▓▓
'###.##......≈≈≈≈≈≈≈≈≈≈≈
..####≈≈....§≈#+########
#..#≈≈≈≈≈≈≈..≈#....._._#
###≈≈≈≈≈≈§≈.≈#...._._.#
#≈≈≈≈§§≈≈≈≈≈#..._._._#
≈≈≈§≈§§≈≈≈≈≈≈#.._._._.#
'''#≈≈§§§§≈≈≈#._._._._#
≈≈##§§§###≈§#_._._.


You could see a polar bear.

Vanquished Creatures
  A merfolk siren (D)
  2 polar bears (D)
  A hornet (D)
  4 neqoxecs (D)
  4 worker ants (D)
12 creatures vanquished.

Vanquished Creatures (others)
  A crocodile (D)
1 creature vanquished.

Grand Total: 13 creatures vanquished

Notes
Turn   | Place    | Note
-------+----------+-------------------------------------------
     0 | D        | MuseOD the Merfolk Berserker began the quest for the Orb.
     0 | D        | Reached XP level 1. HP: 18/18 MP: 1/1
     1 | D        | Noticed a merfolk siren
     9 | D        | Killed a merfolk siren
     9 | D        | Reached skill level 12 in Polearms
     9 | D        | Reached XP level 2. HP: 17/34 MP: 2/2
     9 | D        | Reached XP level 3. HP: 20/39 MP: 3/3
     9 | D        | Reached XP level 4. HP: 24/46 MP: 4/4
     9 | D        | Reached XP level 5. HP: 27/52 MP: 5/5
     9 | D        | Reached XP level 6. HP: 30/58 MP: 6/6
   284 | D        | Reached ** piety under Trog
   289 | D        | Reached skill level 13 in Polearms
   334 | D        | Noticed a neqoxec
   334 | D        | Noticed a neqoxec
   334 | D        | Noticed a neqoxec
   334 | D        | Noticed a neqoxec
   341 | D        | Killed a neqoxec
   341 | D        | Reached *** piety under Trog
   341 | D        | Reached skill level 10 in Fighting
   341 | D        | Reached XP level 7. HP: 67/67 MP: 7/7
   345 | D        | Killed a neqoxec
   345 | D        | Reached skill level 14 in Polearms
   351 | D        | Killed a neqoxec
   351 | D        | Reached skill level 15 in Polearms
   351 | D        | Gained mutation: You do not regenerate when monsters are
                  | visible. [a neqoxec]
   355 | D        | Gained mutation: You occasionally shout uncontrollably at
                  | your foes. [a neqoxec]
   357 | D        | Killed a neqoxec
   357 | D        | Reached XP level 8. HP: 75/75 MP: 8/8
   396 | D        | Found a snail-covered altar of Cheibriados.
   396 | D        | Found a roughly hewn altar of Beogh.
   397 | D        | Found a shadowy altar of Dithmenos.
   397 | D        | Found a viscous altar of Jiyva.
   398 | D        | Found a white marble altar of Elyvilon.
   398 | D        | Found an ancient bone altar of Kikubaaqudgha.
   399 | D        | Found a blossoming altar of Fedhas.
   399 | D        | Found a corrupted altar of Lugonu.
   399 | D        | Found a deep blue altar of Sif Muna.
   400 | D        | Found an opulent altar of Gozag.
   400 | D        | Found a burning altar of Makhleb.
   400 | D        | Found a bloodstained altar of Trog.
   401 | D        | Found a sparkling altar of Nemelex Xobeh.
   401 | D        | Found a hide-covered altar of Uskayaw.
   402 | D        | Found an iron altar of Okawaru.
   402 | D        | Found a radiant altar of Vehumet.
   402 | D        | Found a glowing silver altar of Zin.
   403 | D        | Noticed a yaktaur
   403 | D        | Noticed a hornet
   403 | D        | Noticed a polar bear
   405 | D        | Noticed a polar bear
   408 | D        | Noticed a polar bear
   413 | D        | Killed a polar bear
   413 | D        | Reached **** piety under Trog
   418 | D        | Killed a hornet
   418 | D        | Reached skill level 16 in Polearms
   430 | D        | Killed a polar bear
   430 | D        | HP: 4/117 [yaktaur/bolt (37)]
   434 | D        | Mangled by a polar bear

Skill      XL: |  1  2  3  4  5  6  7  8 |
---------------+-------------------------+-----
Fighting       | 9 10 11 12 | 12.6
Polearms       | 12 13 15 16 | 16.9
Armour         | 3 4 |  4.7
Dodging        | 6 7 8 9 |  9.4

Action                   |  1- 3 |  4- 6 |  7- 9 || total
-------------------------+-------+-------+-------++-------
Melee: Spear             |     6 |    21 |    46 ||    73
Invok: Berserk           |     1 |     2 |     1 ||     4
  Eat: Chunk             |       |       |     1 ||     1
Armor: Animal skin       |       |       |     1 ||     1
Dodge: Dodged            |     2 |     4 |    11 ||    17
